 Dungeon Crawl Stone Soup version 0.29.0-4-gdea44cf6ec (webtiles) character file.

Game seed: 17100298182852995933

1082 qw the Grappler (level 8, -16/67 HPs)
             Began as a Ghoul Fire Elementalist on Aug 29, 2022.
             Demolished by a two-headed ogre
             ... wielding a +0 dire flail
              (24 damage)
             ... on level 6 of the Dungeon.
             The game lasted 00:04:34 (5410 turns).

qw the Grappler (Ghoul Fire Elementalist)           Turns: 5410, Time: 00:04:35

Health: -16/67     AC:  6    Str: 14    XL:     8   Next: 30%
Magic:  9/9        EV:  9    Int: 10    God:
Gold:   267        SH:  0    Dex:  9    Spells: 9/10 levels left

rFire   . . .      SeeInvis .     - Unarmed
rCold   + . .      Faith    .   (no shield)
rNeg    + + +      Spirit   .   g - +0 scale mail
rPois   inf        Reflect  .   (no helmet)
rElec   .          Harm     .   (no cloak)
rCorr   +          Rampage  .   (no gloves)
Will    .....                   (no boots)
Stlth   ..........              (no amulet)
HPRegen 0.00/turn               i - ring of resist corrosion
MPRegen 0.11/turn               (no ring)

@: inhibited regen
A: claws 1, cold resistance 1, negative energy resistance 3, inhibited
regeneration, torment resistance 2, devour on kill
a: no special abilities


You were on level 6 of the Dungeon.
You visited 1 branch of the dungeon, and saw 6 of its levels.

You collected 303 gold pieces.
You spent 36 gold pieces at shops.


Innate Abilities, Weirdness & Mutations

You are immune to poison.
You have sharp fingernails.
Your flesh is cold resistant. (rC+)
You are immune to negative energy. (rN+++)
You do not regenerate when monsters are visible.
You are immune to unholy pain and torment.
You thrive by killing the living.


   Skills:
 - Level 4.5 Fighting
 - Level 1.8 Armour
 - Level 1.7 Dodging
 - Level 2.1 Stealth
 + Level 8.7 Unarmed Combat
 - Level 1.7 Spellcasting
 - Level 0.7 Conjurations
 - Level 2.4 Fire Magic


You had 9 spell levels left.
You knew the following spells:

 Your Spells              Type           Power      Damage    Failure   Level
a - Foxfire               Conj/Fire      16%        2x1d4     56%         1

Your spell library contained the following spells:

 Spells                   Type           Power      Damage    Failure   Level
 Scorch                   Fire           10%        2d5       58%         2
 Conjure Flame            Conj/Fire      4%         6-21      91%         3
 Inner Flame              Hex/Fire       3%         N/A       94%         3
 Flame Wave               Conj/Fire      4%         2d5       100%        4

Inventory:

Armour
 g - a +0 scale mail (worn)
Jewellery
 c - a ring of fire
 i - a ring of resist corrosion (left claw)
Scrolls
 k - a scroll of identify
Potions
 b - a potion of haste
 d - 2 potions of might
 f - a potion of brilliance {unknown}
 h - 2 potions of curing
 j - a potion of mutation {unknown}

Dungeon Overview and Level Annotations

Branches:
Dungeon (6/15)
 Temple: D:4-7

Altars:

Shops:
D:3 *


Message History

5395 ||| READING 2 scrolls of identify.
As you read the scroll of identify, it crumbles to dust.
b - a potion of haste
5395 ||| IDENTIFYING sedimented white potion A two-headed ogre is nearby!
A two-headed ogre is nearby!
5396 ||| Stepping randomly (stuck).
You scratch the two-headed ogre.
The two-headed ogre is lightly wounded.
You claw the two-headed ogre! Your claw misses the two-headed ogre.
The two-headed ogre is moderately wounded.
The two-headed ogre hits you with a +0 dire flail!
The two-headed ogre barely misses you.
You claw the two-headed ogre!
The two-headed ogre is heavily wounded.
You barely miss the two-headed ogre.
The two-headed ogre is heavily wounded.
The two-headed ogre hits you with a +0 dire flail!!
The two-headed ogre hits you with a +0 giant club!!
5405 ||| DRINKING 2 potions of heal wounds.
You feel much better.
The two-headed ogre hits you with a +0 dire flail!
The two-headed ogre closely misses you.
5406 ||| DRINKING potion of heal wounds.
You feel much better.
You scratch the two-headed ogre.
The two-headed ogre is heavily wounded.
The two-headed ogre hits you with a +0 dire flail!
The two-headed ogre hits you with a +0 giant club!!
A wight comes into view. It is wielding a +0 hand axe.
You barely miss the two-headed ogre. You claw the two-headed ogre.
The two-headed ogre is heavily wounded.
You claw the two-headed ogre!
The two-headed ogre is severely wounded.
The two-headed ogre barely misses you. The two-headed ogre closely misses you.
You scratch the two-headed ogre.
The two-headed ogre is severely wounded.
The two-headed ogre closely misses you.
The two-headed ogre hits you with a +0 giant club!!
You die...

##...###
#.####
...###
#....# ####
####.# #
#####.# #
#.....# #
######.#####
#
#..........#
#.####.###.#
###@....###
#.O........
#.z#######.
..... #..#..
#...##.
....###
.###.##
..###.#


You could see a two-headed ogre and a wight.

Vanquished Creatures
  A water moccasin (D:6)
  An ice beast (D:5)
  A black bear (D:5)
  3 ogres (D:5)
  A centaur (D:4)
  2 phantoms
  A scorpion (D:5)
  2 hounds
  Jessica (D:3)
  An iguana (D:6)
  3 adders
  A gnoll (D:1)
  A shadow imp (D:5)
  An ufetubus (D:4)
  4 worms
  4 dart slugs
  5 orcs
  5 endoplasms
  5 giant cockroaches
  8 goblins
  4 hobgoblins
  A jackal (D:3)
  3 quokkas
  14 ball pythons
  11 bats
  4 frilled lizards
  5 kobolds
  8 rats
101 creatures vanquished.

Notes
Turn   | Place    | Note
-------+----------+-------------------------------------------
     0 | D:1      | qw the Ghoul Fire Elementalist began the quest for the Orb.
     0 | D:1      | Reached XP level 1. HP: 14/14 MP: 2/2
     0 | D:1      | 0 ||| qw: Version: 0.1-a-90-g952f4b7
     0 | D:1      | 0 ||| qw: Game counter: 3707
     0 | D:1      | 0 ||| qw: Always use a shield: true
     0 | D:1      | 0 ||| qw: God list: Okawaru
     0 | D:1      | 0 ||| qw: Allow faded altars: false
     0 | D:1      | 0 ||| qw: Do Orc after D:15 true
     0 | D:1      | 0 ||| qw: Do second Lair branch before Depths: true
     0 | D:1      | 0 ||| qw: Lair rune preference: random
     0 | D:1      | 0 ||| qw: Plans: Normal
     0 | D:1      | 0 ||| PLANNING D:1-11
   156 | D:1      | Reached skill level 1 in Unarmed Combat
   250 | D:1      | Reached skill level 1 in Fighting
   250 | D:1      | Reached XP level 2. HP: 15/23 MP: 3/3
   532 | D:1      | 532 ||| Stepping ~*~*~tactically~*~*~ (outnumbered).
   778 | D:1      | Reached skill level 2 in Unarmed Combat
   804 | D:1      | 804 ||| Stepping ~*~*~tactically~*~*~ (outnumbered).
   805 | D:1      | 805 ||| Stepping ~*~*~tactically~*~*~ (outnumbered).
   806 | D:1      | 806 ||| Stepping ~*~*~tactically~*~*~ (outnumbered).
   807 | D:1      | 807 ||| Stepping ~*~*~tactically~*~*~ (outnumbered).
   808 | D:1      | 808 ||| Stepping ~*~*~tactically~*~*~ (outnumbered).
   810 | D:1      | 810 ||| Stepping ~*~*~tactically~*~*~ (outnumbered).
   811 | D:1      | 811 ||| Stepping ~*~*~tactically~*~*~ (outnumbered).
   812 | D:1      | 812 ||| Stepping ~*~*~tactically~*~*~ (outnumbered).
  1044 | D:1      | Reached XP level 3. HP: 21/28 MP: 4/4
  1192 | D:1      | 1192 ||| Stepping ~*~*~tactically~*~*~ (outnumbered).
  1193 | D:1      | 1193 ||| Stepping ~*~*~tactically~*~*~ (outnumbered).
  1194 | D:1      | 1194 ||| Stepping ~*~*~tactically~*~*~ (outnumbered).
  1195 | D:1      | 1195 ||| Stepping ~*~*~tactically~*~*~ (outnumbered).
  1196 | D:1      | 1196 ||| Stepping ~*~*~tactically~*~*~ (outnumbered).
  1197 | D:1      | 1197 ||| Stepping ~*~*~tactically~*~*~ (outnumbered).
  1198 | D:1      | 1198 ||| Stepping ~*~*~tactically~*~*~ (outnumbered).
  1200 | D:1      | 1200 ||| Stepping ~*~*~tactically~*~*~ (outnumbered).
  1201 | D:1      | 1201 ||| Stepping ~*~*~tactically~*~*~ (outnumbered).
  1202 | D:1      | 1202 ||| Stepping ~*~*~tactically~*~*~ (outnumbered).
  1203 | D:1      | 1203 ||| Stepping ~*~*~tactically~*~*~ (outnumbered).
  1204 | D:1      | 1204 ||| Stepping ~*~*~tactically~*~*~ (outnumbered).
  1205 | D:1      | 1205 ||| Stepping ~*~*~tactically~*~*~ (outnumbered).
  1206 | D:1      | 1206 ||| Stepping ~*~*~tactically~*~*~ (outnumbered).
  1207 | D:1      | 1207 ||| Stepping ~*~*~tactically~*~*~ (outnumbered).
  1208 | D:1      | 1208 ||| Stepping ~*~*~tactically~*~*~ (outnumbered).
  1209 | D:1      | 1209 ||| Stepping ~*~*~tactically~*~*~ (outnumbered).
  1209 | D:1      | HP: 7/28 [rat (3)]
  1493 | D:1      | Reached skill level 3 in Unarmed Combat
  1561 | D:1      | 1561 ||| UPGRADING to +0 scale mail.
  1571 | D:1      | 1571 ||| DROPPING +0 robe.
  1572 | D:1      | 1572 ||| READING scroll labelled KAROZI OCWOYCENK.
  1673 | D:1      | 1673 ||| READING scroll labelled XODEL DOINNE.
  1674 | D:1      | 1674 ||| DROPPING potion of magic.
  2180 | D:2      | Reached XP level 4. HP: 35/35 MP: 5/5
  2209 | D:2      | 2209 ||| Stepping ~*~*~tactically~*~*~ (hiding).
  2455 | D:2      | Reached skill level 4 in Unarmed Combat
  2752 | D:2      | 2752 ||| UPGRADING to ring of resist corrosion.
  2753 | D:2      | 2753 ||| READING scroll labelled VESUIS PUGGESOSH.
  2754 | D:2      | 2754 ||| DRINKING 2 lumpy green potions.
  2773 | D:1      | 2773 ||| READING 2 scrolls labelled EMAJYA LYDEFF.
  2798 | D:3      | Noticed Jessica
  2802 | D:3      | 2802 ||| Stepping ~*~*~tactically~*~*~ (hiding).
  2813 | D:3      | Killed Jessica
  2814 | D:3      | 2814 ||| FLEEEEING.
  2815 | D:3      | 2815 ||| FLEEEEING.
  2816 | D:3      | 2816 ||| FLEEEEING.
  2817 | D:3      | 2817 ||| FLEEEEING.
  2818 | D:3      | 2818 ||| FLEEEEING.
  2819 | D:3      | 2819 ||| STAIRDANCE
  2938 | D:3      | Reached XP level 5. HP: 42/42 MP: 6/6
  3039 | D:3      | 3039 ||| Stepping ~*~*~tactically~*~*~ (hiding).
  3054 | D:3      | 3054 ||| Stepping ~*~*~tactically~*~*~ (stealth).
  3055 | D:3      | 3055 ||| Stepping ~*~*~tactically~*~*~ (stealth).
  3227 | D:3      | Found Sialil's General Store.
  3234 | D:3      | 3234 ||| BUYING potion of curing (36 gold).
  3234 | D:3      | Bought a potion of curing for 36 gold pieces
  3234 | D:3      | 3234 ||| SHOPLISTING scroll of brand weapon (114 gold, have
                  | 100).
  3527 | D:3      | 3527 ||| READING scroll labelled MIEMEIR IDDOI.
  3528 | D:3      | 3528 ||| DRINKING 2 amethyst potions.
  3529 | D:3      | 3529 ||| READING 3 scrolls of identify.
  3529 | D:3      | 3529 ||| IDENTIFYING viscous silvery potion
  3530 | D:3      | 3530 ||| READING 2 scrolls of identify.
  3530 | D:3      | 3530 ||| IDENTIFYING bubbling pink potion
  3531 | D:3      | 3531 ||| DROPPING potion of attraction.
  3532 | D:3      | 3532 ||| DROPPING potion of lignification.
  3533 | D:3      | 3533 ||| DROPPING potion of berserk rage.
  3585 | D:4      | Noticed a centaur
  3588 | D:4      | Noticed a phantom
  3593 | D:4      | Killed a centaur
  3594 | D:4      | Reached skill level 5 in Unarmed Combat
  3594 | D:4      | Reached XP level 6. HP: 32/49 MP: 7/7
  3594 | D:4      | 3594 ||| Stepping ~*~*~tactically~*~*~ (outnumbered).
  3595 | D:4      | 3595 ||| Stepping ~*~*~tactically~*~*~ (outnumbered).
  3596 | D:4      | 3596 ||| Stepping ~*~*~tactically~*~*~ (outnumbered).
  3597 | D:4      | 3597 ||| Stepping ~*~*~tactically~*~*~ (outnumbered).
  3604 | D:4      | 3604 ||| Stepping ~*~*~tactically~*~*~ (outnumbered).
  3605 | D:4      | 3605 ||| Stepping ~*~*~tactically~*~*~ (outnumbered).
  3606 | D:4      | 3606 ||| Stepping ~*~*~tactically~*~*~ (outnumbered).
  3607 | D:4      | 3607 ||| Stepping ~*~*~tactically~*~*~ (outnumbered).
  3610 | D:4      | Reached skill level 6 in Unarmed Combat
  4180 | D:4      | 4180 ||| DROPPING amulet of faith.
  4181 | D:4      | 4181 ||| DROPPING ring of wizardry.
  4182 | D:4      | 4182 ||| READING scroll labelled HAEMNIAHOO.
  4183 | D:4      | 4183 ||| DRINKING 2 emerald potions.
  4184 | D:4      | 4184 ||| READING 2 scrolls of identify.
  4184 | D:4      | 4184 ||| IDENTIFYING viscous puce potion
  4185 | D:4      | 4185 ||| DROPPING potion of invisibility.
  4197 | D:5      | Entered Level 5 of the Dungeon
  4201 | D:5      | Noticed an ice beast
  4214 | D:5      | Killed an ice beast
  4215 | D:5      | Reached skill level 3 in Fighting
  4215 | D:5      | Reached XP level 7. HP: 31/58 MP: 8/8
  4379 | D:5      | 4379 ||| Stepping ~*~*~tactically~*~*~ (stealth).
  4392 | D:5      | Reached skill level 1 in Armour
  4395 | D:5      | 4395 ||| FLEEEEING.
  4398 | D:5      | 4398 ||| FLEEEEING.
  4535 | D:5      | Identified the +12 whip of Glamorous Watchfulness {flame,
                  | Will++}
  4541 | D:5      | 4541 ||| Stepping ~*~*~tactically~*~*~ (outnumbered).
  4542 | D:5      | 4542 ||| Stepping ~*~*~tactically~*~*~ (outnumbered).
  4543 | D:5      | 4543 ||| Stepping ~*~*~tactically~*~*~ (outnumbered).
  4546 | D:5      | 4546 ||| Stepping ~*~*~tactically~*~*~ (outnumbered).
  4598 | D:5      | Reached skill level 7 in Unarmed Combat
  4842 | D:5      | Reached skill level 8 in Unarmed Combat
  4842 | D:5      | Reached XP level 8. HP: 60/66 MP: 9/9
  5111 | D:5      | 5111 ||| READING scroll labelled TAGYGE RUMP.
  5133 | D:6      | 5133 ||| STAIRDANCE
  5193 | D:6      | 5193 ||| STAIRDANCE
  5394 | D:6      | Noticed a two-headed ogre
  5395 | D:6      | 5395 ||| READING 2 scrolls of identify.
  5395 | D:6      | 5395 ||| IDENTIFYING sedimented white potion
  5396 | D:6      | 5396 ||| Stepping randomly (stuck).
  5404 | D:6      | HP: 2/67 [two-headed ogre/+0 dire flail (19)]
  5405 | D:6      | 5405 ||| DRINKING 2 potions of heal wounds.
  5406 | D:6      | 5406 ||| DRINKING potion of heal wounds.
  5410 | D:6      | Demolished by a two-headed ogre

Levels and vault maps discovered:
D:1:      spicycebolla_arrival_ecumenical, layout_basic, minmay_hexomino_f4
D:2:      layout_loops_corners
D:3:      minmay_recursive_quarters, layout_basic, serial_shops,
          nicolae_shop_crystal, minivault_11, grunt_decor_cap, uniq_jessica
D:4:      layout_rooms
D:5:      layout_rooms
D:6:      layout_basic, makhleb_blood_cavern_becter, serial_shops,
          kennysheep_mini, grunt_decor_one_mirror, kb_rosetta

Skill      XL: |  1  2  3  4  5  6  7  8 |
---------------+-------------------------+-----
Unarmed Combat | 1 2 3 4 5 6 8 |  8.7
Fighting       | 1 2 3 4 |  4.5
Armour         | 1 |  1.8
Dodging        | |  1.7
Stealth        | |  2.1
Spellcasting   | |  1.7
Conjurations   | |  0.7
Fire Magic     | |  2.4

Action                   |  1- 3 |  4- 6 |  7- 9 || total
-------------------------+-------+-------+-------++-------
Melee: Unarmed           |   164 |   157 |    75 ||   396
       Punch             |     2 |     2 |     3 ||     7
  Use: Scroll            |     2 |     7 |     2 ||    11
       Potion            |       |     3 |     2 ||     5
Armor: Robe              |    49 |       |       ||    49
       Scale mail        |    10 |    51 |    17 ||    78
Dodge: Dodged            |   108 |    59 |    36 ||   203

Table legend:
 A = Non-vault XP
 B = Vault XP
 C = Vault XP percentage of total XP
 D = Non-vault monster count
 E = Vault monster count
 F = Vault count percentage of total count
                 A         B        C        D         E       F
            +---------+---------+-------+---------+---------+-------
      Total |    1451 |      96 |   6.2 |      91 |      10 |   9.9
            +---------+---------+-------+---------+---------+-------
        D:1 |      53 |       4 |   7.0 |      28 |       3 |   9.7
        D:2 |      59 |       0 |   0.0 |      16 |       0 |   0.0
        D:3 |      42 |      92 |  68.7 |      19 |       7 |  26.9
        D:4 |     242 |       0 |   0.0 |      12 |       0 |   0.0
        D:5 |     868 |       0 |   0.0 |      14 |       0 |   0.0
        D:6 |     187 |       0 |   0.0 |       2 |       0 |   0.0
            +---------+---------+-------+---------+---------+-------
